 Dungeon Crawl Stone Soup version 0.23.2-33-g5129a83184 (webtiles) character file.

Game seed: 6018358878337026533

245 Destapler the Fighter (level 6, 0/59 HPs)
             Began as a Gnoll Wanderer on Aug 11, 2019.
             Slain by an orc warrior
             ... wielding a +0 mace
              (5 damage)
             ... on level 2 of the Dungeon.
             The game lasted 00:13:19 (3065 turns).

Destapler the Fighter (Gnoll Wanderer)              Turns: 3065, Time: 00:13:19

Health: 0/59       AC:  9    Str: 16    XL:     6   Next: 10%
Magic:  12/12      EV: 11    Int: 14    God:
Gold:   80         SH:  0    Dex: 15    Spells: 13/13 levels left

rFire    . . .     SeeInvis .   a - +1 dagger
rCold    . . .     Gourm    .   (no shield)
rNeg     . . .     Faith    .   e - +2 scale mail
rPois    .         Spirit   .   (no helmet)
rElec    .         Reflect  .   (no cloak)
rCorr    .         Harm     .   (no gloves)
MR       .....                  (no boots)
Stlth    +.........             (no amulet)
HPRegen  0.19/turn              k - ring of attention (curse)
MPRegen  0.13/turn              (no ring)

@: no status effects
A: distributed training, fangs 1, strong nose
a: no special abilities


You were on level 2 of the Dungeon.
You were not hungry.

You visited 1 branch of the dungeon, and saw 3 of its levels.

You collected 80 gold pieces.

Inventory:

Hand Weapons
 a - a +1 dagger (weapon)
 b - a +0 shortbow
 d - a +0 mace
Missiles
 c - 44 arrows
 h - 4 javelins
 i - 105 stones (quivered)
Armour
 e - a +2 scale mail (worn)
 g - a +2 robe of positive energy
Jewellery
 k - a cursed ring of attention (left hand)
Scrolls
 j - a scroll of enchant weapon
Comestibles
 f - 4 rations


   Skills:
 + Level 9.5 Fighting
 + Level 4.1 Short Blades
 + Level 4.1 Long Blades
 + Level 4.1 Axes
 + Level 4.9 Maces & Flails
 + Level 4.1 Polearms
 + Level 4.1 Staves
 + Level 4.1 Slings
 + Level 4.1 Bows
 + Level 4.1 Crossbows
 + Level 4.1 Throwing
 + Level 4.9 Armour
 + Level 4.1 Dodging
 + Level 5.9 Stealth
 + Level 4.9 Shields
 + Level 4.1 Unarmed Combat
 + Level 4.1 Spellcasting
 + Level 3.3 Conjurations
 + Level 3.3 Hexes
 + Level 3.3 Charms
 + Level 3.3 Summonings
 + Level 3.3 Necromancy
 + Level 3.3 Translocations
 + Level 3.3 Transmutations
 + Level 3.3 Fire Magic
 + Level 3.3 Ice Magic
 + Level 3.3 Air Magic
 + Level 3.3 Earth Magic
 + Level 3.3 Poison Magic
 + Level 4.5 Invocations
 + Level 4.9 Evocations


You had 13 spell levels left.
You didn't know any spells.
Your spell library was empty.

Dungeon Overview and Level Annotations

Branches:
Dungeon (3/15)

Altars:

Annotations:
D:3 Terence


Innate Abilities, Weirdness & Mutations

Your experience applies equally to all skills.
You have very sharp teeth.
Your uncanny sense of smell can sniff out nearby items.


Message History

You closely miss the orc warrior.
The orc warrior is moderately wounded.
You hit the orc warrior but do no damage.
The orc warrior is moderately wounded.
The orc warrior hits you with a +0 mace.
You hit the orc warrior but do no damage.
The orc warrior is moderately wounded.
The orc warrior hits you with a +0 mace.
* * * LOW HITPOINT WARNING * * *
You hit the orc warrior but do no damage.
The orc warrior is moderately wounded.
You hit the orc warrior but do no damage.
You bite the orc warrior, but do no damage.
The orc warrior is moderately wounded.
The orc warrior hits you with a +0 mace!
* * * LOW HITPOINT WARNING * * *
You closely miss the orc warrior.
The orc warrior is moderately wounded.
The orc warrior hits you with a +0 mace.
You die...

##......# #.##########.#
##.....#.# #.# #.# #........#
#.# #.# .........######.#######
#.# ......................# #.#
.........##...........# #.#
#.<.....#######.####..# #.#
##.....## #.####..####.##
##...## #.@o..........#
##.###.##############.#####.###
..#####...#...................#
.#.#.#.##.#.#########.##......#
............# ######.##......#
.###.#.##<### #......##......#
.# ###.##.# ######'##......# .#
#.##.# #≈.[..####..#### .#
#.##.######≈....# #..#


You could see an orc warrior.

Vanquished Creatures
  A scorpion (D:2)
  4 adders (D:2)
  2 dart slugs
  A leopard gecko (D:2)
  8 bats
  A giant cockroach (D:2)
  13 goblins
  8 hobgoblins
  4 jackals (D:1)
  A quokka (D:2)
  A ball python (D:1)
  6 frilled lizards
  9 kobolds
  6 rats
65 creatures vanquished.

Notes
Turn   | Place    | Note
-------+----------+-------------------------------------------
     0 | D:1      | Destapler the Gnoll Wanderer began the quest for the Orb.
     0 | D:1      | Destapler set off with the following items: a +0 shortbow,
                  | a +2 scale mail, 24 arrows, a +0 mace, a +0 dagger, a
                  | ration
     0 | D:1      | Reached XP level 1. HP: 26/26 MP: 2/2
   124 | D:1      | Reached XP level 2. HP: 30/33 MP: 3/3
   512 | D:1      | Reached XP level 3. HP: 38/38 MP: 4/4
  1291 | D:2      | Reached skill level 1 in Invocations
  1538 | D:2      | Reached skill level 1 in Short Blades
  1538 | D:2      | Reached skill level 1 in Long Blades
  1538 | D:2      | Reached skill level 1 in Axes
  1538 | D:2      | Reached skill level 1 in Polearms
  1538 | D:2      | Reached skill level 1 in Staves
  1538 | D:2      | Reached skill level 1 in Slings
  1538 | D:2      | Reached skill level 1 in Bows
  1538 | D:2      | Reached skill level 1 in Crossbows
  1538 | D:2      | Reached skill level 1 in Throwing
  1538 | D:2      | Reached skill level 1 in Dodging
  1538 | D:2      | Reached skill level 1 in Unarmed Combat
  1538 | D:2      | Reached skill level 1 in Spellcasting
  1581 | D:2      | Noticed a scorpion
  1586 | D:2      | Reached XP level 4. HP: 45/45 MP: 6/6
  1878 | D:2      | Reached skill level 1 in Conjurations
  1878 | D:2      | Reached skill level 1 in Hexes
  1878 | D:2      | Reached skill level 1 in Charms
  1878 | D:2      | Reached skill level 1 in Summonings
  1878 | D:2      | Reached skill level 1 in Necromancy
  1878 | D:2      | Reached skill level 1 in Translocations
  1878 | D:2      | Reached skill level 1 in Transmutations
  1878 | D:2      | Reached skill level 1 in Fire Magic
  1878 | D:2      | Reached skill level 1 in Ice Magic
  1878 | D:2      | Reached skill level 1 in Air Magic
  1878 | D:2      | Reached skill level 1 in Earth Magic
  1878 | D:2      | Reached skill level 1 in Poison Magic
  2418 | D:2      | Reached skill level 9 in Fighting
  2418 | D:2      | Reached skill level 5 in Stealth
  2418 | D:2      | Reached XP level 5. HP: 52/52 MP: 6/11
  2446 | D:2      | Reached XP level 6. HP: 40/59 MP: 8/12
  2959 | D:3      | Noticed an orc warrior
  2960 | D:3      | Noticed Terence
  3065 | D:2      | Slain by an orc warrior

Skill      XL: |  1  2  3  4 |
---------------+-------------+-----
Invocations    | 1 4 |  4.5
Short Blades   | 1 4 |  4.1
Long Blades    | 1 4 |  4.1
Axes           | 1 4 |  4.1
Polearms       | 1 4 |  4.1
Staves         | 1 4 |  4.1
Slings         | 1 4 |  4.1
Bows           | 1 4 |  4.1
Crossbows      | 1 4 |  4.1
Throwing       | 1 4 |  4.1
Dodging        | 1 4 |  4.1
Unarmed Combat | 1 4 |  4.1
Spellcasting   | 1 4 |  4.1
Conjurations   | 3 |  3.3
Hexes          | 3 |  3.3
Charms         | 3 |  3.3
Summonings     | 3 |  3.3
Necromancy     | 3 |  3.3
Translocations | 3 |  3.3
Transmutations | 3 |  3.3
Fire Magic     | 3 |  3.3
Ice Magic      | 3 |  3.3
Air Magic      | 3 |  3.3
Earth Magic    | 3 |  3.3
Poison Magic   | 3 |  3.3
Fighting       | 9 |  9.5
Maces & Flails | 4 |  4.9
Armour         | 4 |  4.9
Stealth        | 5 |  5.9
Shields        | 4 |  4.9
Evocations     | 4 |  4.9

Action                   |  1- 3 |  4- 6 || total
-------------------------+-------+-------++-------
Melee: Dagger            |   211 |   136 ||   347
       Bite              |    20 |    15 ||    35
       Punch             |       |     2 ||     2
 Fire: Shortbow          |    19 |       ||    19
Throw: Stone             |     5 |     2 ||     7
  Use: Scroll            |     2 |     5 ||     7
       Potion            |       |     1 ||     1
  Eat: Chunk             |     2 |     5 ||     7
Armor: Scale mail        |   108 |    70 ||   178
Dodge: Dodged            |   112 |    75 ||   187
